 Dungeon Crawl Stone Soup version 0.15.2 (webtiles) character file.

8551 ztt the Nimble (level 10, -1/73 (80) HPs)
             Began as a Demigod Air Elementalist on Nov 7, 2014.
             Slain by a yak (14 damage)
             ... on Level 2 of the Lair of Beasts.
             The game lasted 00:51:47 (17427 turns).

ztt the Nimble (Demigod Air Elementalist)          Turns: 17427, Time: 00:51:47

HP  -1/73 (80)   AC  6     Str 15      XL: 10   Next: 87%
MP  20/26        EV 19     Int 22      God:
Gold 440         SH  0     Dex 20      Spells:  4 memorised, 10 levels left

rFire  . . .     SeeInvis .     D - +2 hand axe (distort)
rCold  . . .     Clarity  .     a - +0 robe
rNeg   . . .     rCorr    .     (no shield)
rPois  .         rRot     .     r - +0 helmet
rElec  .         Spirit   .     k - +1 cloak (curse)
SustAb .         Warding  .     K - +0 pair of gloves
rMut   .         Stasis   .     (no boots)
Gourm  .                        (no amulet)
MR     +....                    (no ring)
                                o - +3 ring of dexterity

@: somewhat resistant to hostile enchantments, fairly stealthy
A: no striking features
a: no special abilities


You were on level 2 of the Lair of Beasts.
You were hungry.

You visited 2 branches of the dungeon, and saw 11 of its levels.

You collected 440 gold pieces.

Inventory:

Hand weapons
 h - a +2 dagger of venom
 u - the +6 whip of Sulphur {slash, MR++ Dex-3 Stlth++}
   (You found it on level 4 of the Dungeon)

   It inflicts extra damage upon your enemies.
   It affects your dexterity (-3).
   It affects your resistance to hostile enchantments.
   It makes you much more stealthy.
 v - the +3 mace "Jotufa" {crush, rF- rN+ MR+}
   (You found it on level 4 of the Dungeon)

   It inflicts extra damage upon your enemies.
   It makes you vulnerable to fire.
   It protects you from negative energy.
   It affects your resistance to hostile enchantments.
 y - a +0 hand axe
 D - a +2 hand axe of distortion (weapon)
Armour
 a - a +0 robe (worn)
 k - a cursed +1 cloak (worn)
 r - a +0 helmet (worn)
 K - a +0 pair of gloves (worn)
Magical devices
 z - a wand of polymorph (0)
 E - a wand of confusion (0)
 F - a wand of polymorph (16)
Comestibles
 c - 4 bread rations
Scrolls
 e - 9 scrolls of remove curse
 n - 3 scrolls of magic mapping
 t - 2 scrolls of amnesia
Jewellery
 o - a +3 ring of dexterity (left hand)
Potions
 d - a potion of lignification
 f - 2 potions of might
 g - a potion of confusion
 i - 2 potions of cure mutation
 j - 2 potions of magic
 l - a potion of resistance {unknown}
 m - 2 potions of flight
 p - 4 potions of restore abilities
 q - a potion of degeneration {unknown}
 s - a potion of heal wounds {unknown}
 A - a potion of cancellation
 C - a potion of brilliance {unknown}
Books
 b - a book of Air

   Spells                             Type                      Level
   *Shock                             Conjuration/Air              1
   *Swiftness                         Charms/Air                   2
   *Repel Missiles                    Charms/Air                   2
   Flight                             Charms/Air                   3
   Static Discharge                   Conjuration/Air              3
   *Lightning Bolt                    Conjuration/Air              5
 w - a book of the Dragon

   Spells                             Type                      Level
   Flight                             Charms/Air                   3
   Cause Fear                         Hexes                        4
   Bolt of Fire                       Conjuration/Fire             6
   Dragon Form                        Transmutation                7
   Dragon's Call                      Summoning                    9
 H - a book of Geomancy

   Spells                             Type                      Level
   Sandblast                          Earth                        1
   Stoneskin                          Transmutation/Earth          2
   Passwall                           Transmutation/Earth          3
   Stone Arrow                        Conjuration/Earth            3
   Petrify                            Transmutation/Earth          4
   Lee's Rapid Deconstruction         Earth                        5


   Skills:
 + Level 4.8 Fighting
 + Level 4.7 Axes
 + Level 8.6 Dodging
 - Level 3.0 Stealth
 + Level 0.1 Unarmed Combat
 + Level 5.7 Spellcasting
 * Level 7.7 Conjurations
 + Level 6.1 Air Magic


You had 10 spell levels left.
You knew the following spells:

 Your Spells              Type           Power        Failure   Level  Hunger
a - Shock                 Conj/Air       ####         1%          1    None
b - Repel Missiles        Chrm/Air       ###...       4%          2    None
c - Swiftness             Chrm/Air       ###.....     4%          2    None
d - Lightning Bolt        Conj/Air       #####.....   17%         5    #####..


Dungeon Overview and Level Annotations

Branches:
Dungeon (9/15)             Temple (0/1) D:5            Lair (2/8) D:8
    Orc: D:9-12

Annotations:
D:9 1100001001's ghost, experienced DgAE


Message History

Evoke which item? (* to show all) (? for menu, Esc to quit)
Zapping:
z - a wand of polymorph {zapped: 8}
Press: ? - help, Shift-Dir - straight line, f/p - yak
Aim: a yak (almost dead) Nothing appears to happen.
The yak gores you!
* * * LOW HITPOINT WARNING * * *
Unknown command.
Casting: Shock
Confirm with . or Enter, or press ? or * to list all spells.
Okay, then.
Casting: Shock
Confirm with . or Enter, or press ? or * to list all spells.
Okay, then.
Unknown command.
Evoke which item? (* to show all) (? for menu, Esc to quit)
Zapping:
F - a wand of polymorph
Press: ? - help, Shift-Dir - straight line, f/p - yak
Aim: a yak (almost dead)
The yak resists.
The yak gores you!
You die...

........##
#####.......#
.........# #P....##
.>.......## #.P...D#
..........## #>.#
...........# #..#
..........## ##.#
........<.## ###.##
........#.P# #####....#
......###### #@##...P##
....PP# ###Y..#..#
..PP### ##Y..P#.###
.YY..#########.Y#####.#
###YY.#..##.%....# ###
##.#...#...#####
##.#....##########
#####..####...#.#
##.%##.....##


You could see a yak.

Vanquished Creatures
  4 spiny frogs (Lair:1)
  The ghost of ztt the Firebug, an experienced OpFE of Vehumet (D:5)
  Grinder (D:6)
  5 yaks
  A basilisk (Lair:2)
  2 wyverns
  A hippogriff (Lair:1)
  4 humans (D:7)
  Menkaure (D:7)
  A water moccasin (D:8)
  3 porcupines
  An ice beast (D:8)
  A necrophage (D:7)
  2 sky beasts (D:5)
  A centaur (D:6)
  2 crocodiles
  An ogre (D:5)
  Blork the orc (D:6)
  2 giant frogs
  2 scorpions (D:7)
  A hippogriff skeleton (D:6)
  6 killer bees (D:7)
  A jelly (D:5)
  8 crimson imps
  A yellow wasp zombie (D:8)
  7 hounds
  10 worker ants
  8 iguanas
  3 orc wizards
  4 orc priests
  A black bear skeleton (D:8)
  Natasha (twice) (D:6)
  3 sheep (D:7)
  Ijyb (D:7)
  A scorpion zombie (D:5)
  11 adders
  6 green rats (Lair:1)
  6 gnolls
  3 giant mites
  A goliath beetle zombie (D:6)
  3 worms
  2 adder skeletons
  8 giant geckos
  2 oozes
  27 orcs
  16 bats
  5 giant cockroaches
  13 goblins
  9 hobgoblins
  11 jackals
  21 kobolds
  9 quokkas
  9 giant newts
  A giant newt skeleton (D:5)
  A kobold zombie (D:6)
  A quokka skeleton (D:4)
  21 rats
  2 rat skeletons
282 creatures vanquished.

Vanquished Creatures (others)
  A spiny frog (Lair:2)
  A komodo dragon (Lair:1)
  A basilisk (Lair:1)
  3 humans (D:7)
  A wyvern (D:8)
  A water moccasin (Lair:1)
  A black bear (D:6)
  An orc warrior (D:8)
  A sky beast (D:8)
  A big kobold (D:7)
  A scorpion (D:7)
  A killer bee (D:7)
  A hound (D:7)
  An adder (D:6)
  Natasha (D:6)
  An orc skeleton (D:6)
  A fungus (Lair:2)
  2 plants (Lair:1)
21 creatures vanquished.

Grand Total: 303 creatures vanquished

Notes
Turn   | Place    | Note
--------------------------------------------------------------
     0 | D:1      | ztt, the Demigod Air Elementalist, began the quest for the Orb.
     0 | D:1      | Reached XP level 1. HP: 14/14 MP: 3/3
   311 | D:1      | Reached XP level 2. HP: 20/20 MP: 1/4
   517 | D:1      | Reached skill level 3 in Air Magic
   816 | D:1      | Reached skill level 1 in Conjurations
  1781 | D:2      | Reached XP level 3. HP: 27/27 MP: 4/8
  2366 | D:2      | Reached XP level 4. HP: 17/34 MP: 0/10
  2948 | D:2      | Found a shattered altar of Ashenzari.
  2948 | D:2      | Found an ancient bone altar of Kikubaaqudgha.
  3376 | D:3      | Learned a level 2 spell: Repel Missiles
  3379 | D:3      | Learned a level 2 spell: Swiftness
  3528 | D:3      | Found a burning altar of Makhleb.
  4087 | D:3      | Reached XP level 5. HP: 25/39 MP: 2/12
  4875 | D:4      | Reached skill level 1 in Fighting
  4875 | D:4      | Reached XP level 6. HP: 31/47 MP: 0/15
  5309 | D:4      | Reached skill level 4 in Air Magic
  5422 | D:4      | Noticed a moth of wrath
  5425 | D:4      | Found a bloodstained altar of Trog.
  5587 | D:4      | Got a shimmering mace
  5588 | D:4      | Identified the +3 mace "Jotufa" {crush, rF- rN+ MR+} (You found it on level 4 of the Dungeon)
  6116 | D:4      | Got a blackened whip
  6117 | D:4      | Identified the +6 whip of Sulphur {slash, MR++ Dex-3 Stlth++} (You found it on level 4 of the Dungeon)
  6528 | D:5      | Entered Level 5 of the Dungeon
  6529 | D:5      | Noticed ztt's ghost (experienced OpFE)
  6770 | D:5      | Found a staircase to the Ecumenical Temple.
  7123 | D:5      | Reached XP level 7. HP: 19/52 MP: 19/19
  7782 | D:5      | Killed ztt's ghost
  8270 | D:5      | Reached XP level 8. HP: 59/59 MP: 16/21
  8364 | D:5      | Found a sparkling altar of Nemelex Xobeh.
  8400 | D:5      | Reached skill level 5 in Air Magic
  8659 | D:6      | Noticed Grinder
  9073 | D:6      | Learned a level 5 spell: Lightning Bolt
  9121 | D:6      | Reached skill level 1 in Axes
  9348 | D:6      | Noticed Blork the orc
  9351 | D:6      | Reached skill level 5 in Conjurations
  9354 | D:6      | Killed Blork the orc
  9365 | D:6      | Noticed Natasha
  9370 | D:6      | Killed Natasha
  9476 | D:6      | Reached skill level 5 in Dodging
  9691 | D:6      | Noticed Natasha
  9697 | D:6      | Killed Natasha
 10192 | D:6      | Noticed Natasha
 10208 | D:6      | Killed Natasha
 10585 | D:6      | Paralysed by Grinder for 2 turns
 10604 | D:6      | Paralysed by Grinder for 2 turns
 10607 | D:6      | Killed Grinder
 10607 | D:6      | Reached XP level 9. HP: 35/68 MP: 23/23
 10878 | D:7      | Noticed Ijyb
 10886 | D:7      | Killed Ijyb
 10922 | D:7      | Noticed Menkaure
 10931 | D:7      | HP: 3/68 [Menkaure (24)]
 11273 | D:7      | Reached skill level 6 in Conjurations
 11275 | D:7      | Killed Menkaure
 12754 | D:7      | Reached skill level 7 in Dodging
 12892 | D:8      | Found a staircase to the Lair.
 13626 | D:8      | Reached XP level 10. HP: 59/71 MP: 25/25
 13701 | Lair:1   | Entered Level 1 of the Lair of Beasts
 14639 | Lair:1   | Noticed an eight-headed hydra
 14691 | D:8      | Reached skill level 8 in Dodging
 15135 | D:9      | Noticed 1100001001's ghost (experienced DgAE)
 15610 | Lair:1   | Reached skill level 5 in Spellcasting
 16790 | Lair:2   | Noticed a four-headed hydra
 16804 | Lair:2   | Noticed a four-headed hydra
 17217 | Lair:2   | Noticed an eight-headed hydra
 17427 | Lair:2   | Slain by a yak

Action                   |  1- 3 |  4- 6 |  7- 9 | 10-12 || total
-------------------------+-------+-------+-------+-------++-------
Melee: Unarmed           |     3 |       |    13 |       ||    16
       Dagger            |    38 |   150 |       |       ||   188
       Hand axe          |       |    19 |   442 |   188 ||   649
       Whip              |       |    18 |       |       ||    18
       Mace              |       |     6 |       |       ||     6
 Cast: Shock             |    93 |   211 |   118 |   137 ||   559
Evoke: Wand              |       |       |       |     1 ||     1
  Use: Scroll            |     4 |    12 |     3 |     4 ||    23
       Potion            |       |     1 |     4 |       ||     5
 Stab: Sleeping          |       |     1 |     6 |     1 ||     8
       Distracted        |       |       |     1 |       ||     1
  Eat: Chunk             |     5 |     8 |     2 |     4 ||    19
       Meat ration       |       |     1 |     1 |       ||     2
       Beef jerky        |       |     1 |       |     1 ||     2
       Pizza             |       |       |     2 |     1 ||     3
       Bread ration      |       |       |     3 |     1 ||     4
